 Dungeon Crawl Stone Soup version 0.24.0-123-gd5b16e6ec5 (webtiles) character file.

Game seed: 2621427790594828030, levelgen mode: deterministic

113216 sanka the Alchemist (level 16, -21/174 HPs)
             Began as a Grey Draconian Monk on Feb 12, 2020.
             Was a High Priest of Okawaru.
             Killed from afar by a shock serpent (28 damage)
             ... with a bolt of electricity
             ... on level 1 of the Snake Pit.
             The game lasted 01:29:33 (29184 turns).

sanka the Alchemist (Grey Draconian Monk)          Turns: 29184, Time: 01:29:34

Health: -21/174    AC: 11    Str: 17    XL:     16   Next: 13%
Magic:  16/28      EV: 20    Int: 12    God:    Okawaru [*****.]
Gold:   2364       SH:  0    Dex: 22    Spells: 5/32 levels left

rFire    . . .     SeeInvis +     - Unarmed
rCold    . . .     Gourm    .   (shield currently unavailable)
rNeg     . . .     Faith    +   (armour unavailable)
rPois    +         Spirit   .   (helmet currently unavailable)
rElec    .         Reflect  .   (cloak currently unavailable)
rCorr    +         Harm     .   (gloves currently unavailable)
MR       ++...                  (boots currently unavailable)
Stlth    ++++......             l - amulet of faith
HPRegen  0.39/turn              Q - ring of resist corrosion
MPRegen  0.21/turn              S - ring "Sabon" {MR+ AC+3 Dex+4 SInv}

@: hydra-form, heroism, finesse, studying Ice Magic
A: very large, (walk through water), unfitting armour, strong 1, AC +14
a: End Transformation, Heroism, Finesse, Renounce Religion


You were on level 1 of the Snake Pit.
You worshipped Okawaru.
Okawaru was extremely pleased with you.
You were not hungry.
You were a four-headed hydra.
You visited 4 branches of the dungeon, and saw 24 of its levels.
You also visited: Trove, Gauntlet, Ice Cave and Volcano.

You collected 4004 gold pieces.
You spent 1640 gold pieces at shops.


Innate Abilities, Weirdness & Mutations

((You can walk through water.))
((Your dull iron-grey scales are very hard. (AC +14)))
You cannot fit into any form of body armour.
((You can survive without breathing.))
((You are cold-blooded and may be slowed by cold attacks.))
Your muscles are strong. (Str +2)


   Skills:
 - Level 10.0(15.0) Fighting
 - Level 10.0(15.0) Dodging
 - Level 1.7(6.7) Stealth
 - Level 15.0(20.0) Unarmed Combat
 + Level 8.8 Spellcasting
 - Level 2.0 Hexes
 + Level 16.7 Transmutations
 - Level 9.0 Invocations


You had 5 spell levels left.
You knew the following spells:

 Your Spells              Type           Power        Failure   Level  Hunger
a - Ozocubu's Armour      Chrm/Ice       #.......     38%         3    ##.....
g - Regeneration          Chrm/Necr      #.........   38%         3    ##.....
s - Swiftness             Chrm/Air       #.......     21%         2    None
y - Irradiate             Conj/Tmut      ####......   12%         5    #####..
C - Hydra Form            Tmut           #####.....   2%          6    #######
X - Dragon Form           Tmut           #####.....   12%         7    #######
Z - Confusing Touch       Hex            ##....       6%          1    None

Your spell library contained the following spells:

 Spells                   Type           Power        Failure   Level  Hunger
 Passwall                 Tmut/Erth      ####....     1%          2    None
 Petrify                  Tmut/Erth      ####....     4%          4    ####...
 Corona                   Hex            ##.....      6%          1    None
 Yara's Violent Unravell  Hex/Tmut       ####......   8%          5    #####..
 Freeze                   Ice            #...         14%         1    None
 Infusion                 Chrm           #...         14%         1    None
 Ensorcelled Hibernation  Hex/Ice        #.....       14%         2    None
 Confuse                  Hex            ##......     17%         3    ##.....
 Tukima's Dance           Hex            ##......     17%         3    ##.....
 Shroud of Golubria       Chrm/Tloc      #.....       21%         2    None
 Song of Slaying          Chrm           #.......     21%         2    None
 Throw Frost              Conj/Ice       #.....       21%         2    None
 Dazzling Spray           Conj/Hex       #.....       26%         3    ##.....
 Spectral Weapon          Hex/Chrm       #.......     26%         3    ##.....
 Gell's Gravitas          Tloc           #.........   38%         3    ##.....
 Passage of Golubria      Tloc           N/A          80%         4    ####...
 Summon Ice Beast         Ice/Summ       #.......     80%         4    ####...
 Throw Icicle             Conj/Ice       #.......     80%         4    ####...
 Metabolic Englaciation   Hex/Ice        #.........   94%         5    #####..
 Lee's Rapid Deconstruct  Erth           #.........   98%         5    #####..
 Statue Form              Tmut/Erth      ####.....    54%         6    #######
 Darkness                 Hex            ##........   100%        6    #######
 Invisibility             Hex            ##......     100%        6    #######

Inventory:

Missiles
 C - 33 boomerangs (quivered)
 E - 19 curare-tipped darts {=f}
 M - 4 throwing nets {=f}
Armour
 q - a +2 cloak (melded)
 D - a +2 pair of gloves of dexterity (melded)
 H - the +2 pair of boots of Rotation (melded) {-Tele rPois rF+ rN+}

   It protects you from fire.
   It protects you from poison.
   It protects you from negative energy.
   It prevents most forms of teleportation.
 R - a +2 hat of magic resistance (melded)
Magical Staves
 b - an uncursed staff of wizardry {!a}
 O - an uncursed staff of energy {!a}
Jewellery
 c - a +3 ring of evasion
 d - the ring of Vopla {rElec rPois Str+4}

   [ring of poison resistance]

   It affects your strength (+4).
   It insulates you from electricity.
   It protects you from poison.
 e - an uncursed ring of positive energy
 f - the ring of Sausun {MP+9 Str+6}

   [ring of magical power]

   It affects your strength (+6).
   It affects your magic capacity (+9).
 h - an uncursed ring of fire
 l - an amulet of faith (around neck)
 w - an uncursed ring of protection from cold
 L - an uncursed ring of flight
 P - an uncursed ring of stealth
 Q - a ring of resist corrosion (left foreclaw)
 S - the ring "Sabon" (right foreclaw) {MR+ AC+3 Dex+4 SInv}

   [ring of protection]

   It affects your AC (+3).
   It affects your dexterity (+4).
   It affects your resistance to hostile enchantments.
   It lets you see invisible.
 U - a +3 ring of protection
Wands
 B - a wand of digging (8)
 F - a wand of flame (9)
 G - a wand of polymorph (19)
 I - a wand of iceblast (24)
Scrolls
 j - 2 scrolls of blinking
 k - 3 scrolls of enchant armour
 m - 3 scrolls of fog
 s - 7 scrolls of remove curse
 v - 14 scrolls of teleportation {@r4}
 y - 4 scrolls of magic mapping
 X - a scroll of identify {@r1}
 Y - 5 scrolls of fear
Potions
 g - 3 potions of ambrosia
 i - 10 potions of curing {@q1}
 n - 2 potions of invisibility
 o - 3 potions of agility
 p - 7 potions of heal wounds {@q2}
 r - 4 potions of lignification {!q}
 t - a potion of might {unknown}
 u - a potion of resistance
 x - 3 potions of mutation {!q}
 z - 2 potions of brilliance {unknown}
 K - a potion of berserk rage {unknown}
 N - 3 potions of cancellation
 T - 2 potions of flight {unknown}
 V - a potion of haste {unknown}
Books
 A - a manual of Ice Magic
Miscellaneous
 J - a lightning rod (4/4)
 W - a lamp of fire
Comestibles
 a - 38 rations

Dungeon Overview and Level Annotations

Branches:
Dungeon (15/15)            Temple (0/1) D:6            Lair (6/6) D:11
 Shoals (0/4) Lair:2        Snake (1/4) Lair:2        Slime (0/5) Lair:5
    Orc (2/2) D:11            Elf (0/3) Orc:2        Vaults (0/5) D:13
 Depths (0/5) D:15          IceCv (visited)         Volcano (visited)
Gauntlet (visited)

Altars:
Ashenzari
Dithmenos
Elyvilon
Fedhas
Makhleb
Okawaru
Qazlal
Ru
Trog
Uskayaw
Vehumet
Wu Jian
Xom
Yredelemnul
Zin
The Shining One
Beogh

Shops:
D:4 [   D:7 }%   D:8 :[:   D:15 %   Orc:2 ([((

▒▒▒▒▒ ≈≈...▒▒
▒▒▒▒▒
≈≈≈....▒▒▒...▒▒
P≈≈≈..†▒......▒
..≈;..)ND(....▒
≈N.≈....S.<...▒
≈;N≈...........▒
N≈N≈...........▒
≈..≈...........▒
...≈>..........▒
..≈≈...........▒
≈≈≈...........▒▒
...........▒


You could see 2 naga warriors, a salamander, a shock serpent, a naga (wandering)
and 2 electric eels.


Message History

You kill the naga warrior!
Okawaru accepts your kill.
You bite the shock serpent!
The shock serpent's electric aura discharges, shocking you!
* * * LOW HITPOINT WARNING * * *
The shock serpent bites you but does no damage.
The salamander wields a +0 shortbow of flaming.
It bursts into flame!
The salamander shoots an arrow.
The arrow hits you!!
* * * LOW HITPOINT WARNING * * *
The arrow burns you.
* * * LOW HITPOINT WARNING * * *
A naga warrior comes into view. It is wielding a +0 battleaxe.
You barely miss the shock serpent.
The shock serpent is severely wounded.
You nip at the shock serpent.
The shock serpent is almost dead.
The shock serpent's electric aura discharges, shocking you!
* * * LOW HITPOINT WARNING * * *
A naga warrior comes into view. It is wielding a +0 trident.
Unknown command.
The shock serpent bites you!
* * * LOW HITPOINT WARNING * * *
The shock serpent shocks you!
* * * LOW HITPOINT WARNING * * *
A naga comes into view. It is wielding a +0 war axe.
The shock serpent shoots out a bolt of lightning at you!
The bolt of electricity hits you!!
You die...

Action                   |  1- 3 |  4- 6 |  7- 9 | 10-12 | 13-15 | 16-18 || total
-------------------------+-------+-------+-------+-------+-------+-------++-------
Melee: Unarmed           |    85 |   224 |   378 |   838 |  1608 |    95 ||  3228
       Tailslap          |    12 |    26 |    59 |   138 |   407 |    23 ||   665
       Punch             |     1 |     6 |    14 |    63 |   240 |     8 ||   332
       Bite              |       |       |       |       |     2 |     1 ||     3
Throw: Dart              |       |       |       |     5 |     4 |       ||     9
 Cast: Hydra Form        |       |       |       |       |     3 |     1 ||     4
       Dragon Form       |       |       |       |       |     1 |     1 ||     2
Invok: Heroism           |       |     2 |    14 |    32 |    37 |     6 ||    91
       Finesse           |       |       |       |     1 |     7 |     1 ||     9
  Use: Scroll            |       |       |     8 |    12 |    12 |       ||    32
 Stab: Sleeping          |     2 |     1 |     5 |     8 |    19 |       ||    35
       Distracted        |     1 |       |     2 |     2 |     5 |       ||    10
  Eat: Chunk             |       |     7 |     9 |    19 |    25 |       ||    60
       Ration            |       |       |       |     2 |     3 |     1 ||     6
Armor: Skin              |    18 |    63 |   110 |   183 |   380 |    23 ||   777
Dodge: Dodged            |    59 |   124 |   199 |   561 |  1133 |    97 ||  2173
       Rpst.: Unarmed    |       |       |       |    17 |   168 |       ||   185

Levels and vault maps discovered:
D:1:      dpeg_arrival_houses_and_road, layout_basic, st_stairs_13
D:2:      layout_rooms, okawaru_metal_pillars_1_2, minivault_26, uniq_jessica,
          uniq_natasha
D:3:      layout_basic, trog_eyes_of_draining, marbit_many_paths
D:4:      layout_basic, zin_academy, first_ration, kennysheep_windowed_goal,
          uniq_robin
D:5:      layout_cave_pools, tso_metal_star, grunt_dithmenos_smoke, uniq_edmund
D:6:      layout_loops_ring, grunt_temple_overflow_open,
          minmay_temple_entry_drinking_statues, uniq_pikel, uniq_grinder
D:7:      layout_basic, vehumet_crystals, fedhas_bush_and_centaur_altar,
          nicolae_ru_awakened_eye, serial_shops, shop, nicolae_shop_crystal,
          minmay_guarded_unrand_finisher, uniq_joseph
D:8:      layout_loops_ring, kennysheep_mini, grunt_qazlal_clouds, serial_shops,
          shop, shop_statue, shop, the_bakery, kennysheep_generic_room_16
D:9:      layout_grid_maze, grunt_temple_overflow_champion_of_chaos,
          kennysheep_little_box, serial_bayou_pond_d
D:10:     layout_grid_maze, gammafunk_ghost_grave
D:11:     layout_irregular_city, david_lair_generic, orc_0_dummy,
          ebering_ghost_disaster_area, uniq_josephine, uniq_fannar
D:12:     layout_stronghold, hangedman_decor_diamond_cutter
D:13:     layout_loops_corners, ximxim_vaults_locker_room, basic_altar,
          portal_ice_cave_rime
D:14:     layout_roguey, serial_glass, glass_columns_a, glass_columns_c,
          trove_entry_hex_spiral, minivault_27, makhleb_altar_promises_db,
          uniq_nessos, uniq_jorgrun
D:15:     gammafunk_depths_entry_grave, layout_irregular_city, serial_shops,
          shop_statue, hangedman_decor_slide_cut, uniq_rupert
Lair:1:   layout_gridlike
Lair:2:   layout_cave_pods, elwin_shoals_entry_rooms,
          minmay_snake_entry_guardpost_small, serial_bayou_shore_a
Lair:3:   cheibrodos_lair_overgrown_chateau, layout_chaotic_city
Lair:4:   layout_roguey, nicolae_volcano_entry_batcave,
          chequers_serial_rivers_micro_d
Lair:5:   layout_layer_cave, nicolae_slime_entry_slimehenge, grunt_megastairs_2
Lair:6:   hangedman_lair_tendril_chambers, layout_hall_layers,
          gammafunk_ghost_split, gauntlet_entry_generic, uniq_snorg
Snake:1:  layout_cave_pods, drop_trap, guppyfry_snake_island, uniq_nikola
Orc:1:    layout_caves, basic_altar, minmay_orc_temple_c
Orc:2:    st_orc_elflike, layout_caves

Notes
Turn   | Place    | Note
-------+----------+-------------------------------------------
     0 | D:1      | sanka the Draconian Monk began the quest for the Orb.
     0 | D:1      | Reached XP level 1. HP: 19/19 MP: 1/1
   170 | D:1      | Reached XP level 2. HP: 26/26 MP: 2/2
   440 | D:1      | Reached skill level 4 in Unarmed Combat
  1102 | D:2      | Noticed Jessica
  1115 | D:2      | Killed Jessica
  1115 | D:2      | Reached XP level 3. HP: 31/31 MP: 3/3
  1186 | D:2      | Reached skill level 5 in Unarmed Combat
  1186 | D:2      | Reached XP level 4. HP: 34/38 MP: 4/4
  1217 | D:2      | Noticed Natasha
  1228 | D:2      | Killed Natasha
  1338 | D:2      | Found an iron altar of Okawaru.
  1350 | D:2      | Became a worshipper of Warmaster Okawaru
  1350 | D:2      | Reached * piety under Okawaru
  1350 | D:2      | Reached ** piety under Okawaru
  1529 | D:2      | Noticed Natasha
  1545 | D:2      | Killed Natasha
  1545 | D:2      | Reached skill level 1 in Invocations
  1545 | D:2      | Reached XP level 5. HP: 18/45 MP: 5/5
  1589 | D:2      | Noticed Natasha
  1694 | D:2      | Killed Natasha
  1813 | D:2      | Noticed an ice beast
  2259 | D:3      | Found a bloodstained altar of Trog.
  2260 | D:3      | Noticed an eye of draining
  2273 | D:3      | Reached skill level 2 in Invocations
  2292 | D:3      | Killed an eye of draining
  2292 | D:3      | Reached skill level 6 in Unarmed Combat
  2292 | D:3      | Reached XP level 6. HP: 51/51 MP: 1/8
  2456 | D:3      | Found a hide-covered altar of Uskayaw.
  2587 | D:4      | Reached skill level 3 in Invocations
  2870 | D:4      | Reached skill level 4 in Invocations
  2916 | D:4      | Found a glowing silver altar of Zin.
  2927 | D:4      | Noticed Robin
  2947 | D:4      | Killed Robin
  3173 | D:4      | Your scales start taking on a dull iron-grey colour.
  3173 | D:4      | Reached XP level 7. HP: 36/57 MP: 10/10
  3173 | D:4      | Gained mutation: You can survive without breathing. [Grey
                  | Draconian growth]
  3213 | D:4      | Reached skill level 7 in Unarmed Combat
  3315 | D:4      | Reached *** piety under Okawaru
  3353 | D:4      | Found Luameit's Armour Boutique.
  3699 | D:5      | Entered Level 5 of the Dungeon
  3725 | D:5      | Found a glowing golden altar of the Shining One.
  3896 | D:5      | Reached skill level 8 in Unarmed Combat
  4170 | D:5      | Found a shadowy altar of Dithmenos.
  4199 | D:5      | Reached skill level 9 in Unarmed Combat
  4199 | D:5      | Reached XP level 8. HP: 49/63 MP: 8/11
  4365 | D:5      | Noticed Edmund
  4374 | D:5      | Killed Edmund
  4610 | D:6      | Reached **** piety under Okawaru
  4610 | D:6      | Reached skill level 10 in Unarmed Combat
  4764 | D:6      | Found a shadowy altar of Dithmenos.
  4766 | D:6      | Found a shattered altar of Ashenzari.
  5059 | D:6      | Reached skill level 11 in Unarmed Combat
  5210 | D:6      | Noticed Grinder
  5218 | D:6      | Killed Grinder
  5218 | D:6      | Reached skill level 3 in Dodging
  5218 | D:6      | Reached XP level 9. HP: 69/71 MP: 9/12
  5248 | D:6      | Found a staircase to the Ecumenical Temple.
  5317 | D:6      | Noticed Pikel
  5335 | D:6      | Killed Pikel
  5335 | D:6      | Reached skill level 4 in Fighting
  5642 | D:7      | Found Jeilisk's Food Shoppe.
  5652 | D:7      | Reached skill level 4 in Dodging
  5653 | D:7      | Found Unuanekoph's Gadget Shop.
  5735 | D:7      | Found a radiant altar of Vehumet.
  5758 | D:7      | Found a sacrificial altar of Ru.
  5761 | D:7      | Received a gift from Okawaru
  5761 | D:7      | Reached skill level 5 in Fighting
  5815 | D:7      | Noticed Joseph
  5834 | D:7      | Killed Joseph
  5834 | D:7      | Reached ***** piety under Okawaru
  5834 | D:7      | Reached skill level 12 in Unarmed Combat
  5845 | D:7      | Received a gift from Okawaru
  5890 | D:7      | Reached skill level 6 in Fighting
  5890 | D:7      | Reached XP level 10. HP: 83/83 MP: 10/13
  5894 | D:7      | Found the +5 scythe "Finisher" {speed, eviscerate}
  5950 | D:7      | Found a blossoming altar of Fedhas.
  5971 | D:7      | Reached skill level 5 in Dodging
  6502 | D:8      | Found Belucih's Book Boutique.
  6510 | D:8      | Found Oxzyir's Antique Armour Shop.
  6569 | D:8      | Found a stormy altar of Qazlal.
  6613 | D:8      | Noticed a brown ugly thing
  6623 | D:8      | Killed a brown ugly thing
  6715 | D:8      | Noticed a two-headed ogre
  6716 | D:8      | Reached skill level 13 in Unarmed Combat
  6728 | D:8      | Killed a two-headed ogre
  6728 | D:8      | Reached skill level 7 in Fighting
  6768 | D:8      | Found an ornate altar of the Wu Jian Council.
  6854 | D:8      | Found Pav Qooq's Book Shop.
  7076 | D:8      | Reached skill level 6 in Dodging
  7340 | D:8      | Bought a book of Misfortune for 200 gold pieces
  7342 | D:8      | Learned a level 1 spell: Confusing Touch
  7541 | D:9      | Identified a +1 robe of the Archmagi
  7555 | D:9      | Received a gift from Okawaru
  7567 | D:9      | Reached skill level 1 in Spellcasting
  7820 | D:9      | Reached skill level 1 in Hexes
  7827 | D:9      | Received a gift from Okawaru
  7827 | D:9      | Reached XP level 11. HP: 88/92 MP: 14/14
  7958 | D:9      | Found a shimmering altar of Xom.
  7959 | D:9      | Found a burning altar of Makhleb.
  8216 | D:9      | Found a white marble altar of Elyvilon.
  8237 | D:10     | Entered Level 10 of the Dungeon
  8403 | D:10     | Found a runed translucent door.
  8404 | D:10     | Noticed TrebMcFLY's ghost (novice DDFi)
  8432 | D:10     | Learned a level 7 spell: Dragon Form
  8669 | D:11     | Reached skill level 1 in Transmutations
  8765 | D:11     | Noticed Fannar
  8795 | D:11     | Found a staircase to the Lair.
  8813 | D:11     | Killed Fannar
  8813 | D:11     | Reached skill level 8 in Fighting
  8813 | D:11     | Reached skill level 2 in Spellcasting
  8813 | D:11     | Reached skill level 2 in Hexes
  8813 | D:11     | Reached skill level 5 in Invocations
  9156 | D:11     | Reached skill level 2 in Transmutations
  9204 | D:11     | Reached ****** piety under Okawaru
  9283 | D:11     | Noticed a four-headed hydra
  9332 | D:11     | Killed a four-headed hydra
  9332 | D:11     | Received a gift from Okawaru
  9332 | D:11     | Reached skill level 14 in Unarmed Combat
  9477 | D:11     | Found a staircase to the Orcish Mines.
  9477 | D:11     | Noticed a cyan ugly thing
  9493 | D:11     | Killed a cyan ugly thing
  9493 | D:11     | Reached skill level 7 in Dodging
  9544 | D:11     | Reached skill level 3 in Transmutations
  9575 | D:11     | Found a large runed translucent door.
  9578 | D:11     | Found a large runed translucent door.
  9586 | D:11     | Learned a level 3 spell: Regeneration
  9674 | D:11     | Noticed Josephine
  9704 | D:11     | Killed Josephine
  9704 | D:11     | Reached skill level 6 in Invocations
  9933 | D:11     | Noticed Otocvaij's ghost (journeyman KoHu)
 10409 | D:10     | Reached XP level 12. HP: 96/103 MP: 13/16
 10567 | D:10     | Received a gift from Okawaru
 10981 | Lair:1   | Entered Level 1 of the Lair of Beasts
 10992 | Lair:1   | Reached skill level 3 in Spellcasting
 11004 | Lair:1   | Identified 3 scrolls of acquirement
 11008 | Lair:1   | Got a bound pewter amulet
 11008 | Lair:1   | Got a crude pewter ring
 11009 | Lair:1   | Identified the amulet "Qoedghiwa" {Harm *Drain rPois rF-
                  | Int+6 Stlth+} (You acquired it on level 1 of the Lair of
                  | Beasts)
 11012 | Lair:1   | Identified the ring "Sabon" {MR+ AC+3 Dex+4 SInv} (You
                  | acquired it on level 1 of the Lair of Beasts)
 11762 | Lair:2   | Reached skill level 9 in Fighting
 11818 | Lair:2   | Found a staircase to the Shoals.
 11876 | Lair:2   | Reached skill level 4 in Transmutations
 11951 | Lair:2   | Found a staircase to the Snake Pit.
 12947 | Lair:3   | Reached skill level 7 in Invocations
 13134 | Lair:3   | Reached skill level 15 in Unarmed Combat
 13134 | Lair:3   | Reached skill level 5 in Transmutations
 13290 | Lair:3   | Reached skill level 8 in Dodging
 13412 | Lair:3   | Noticed a seven-headed hydra
 13420 | Lair:3   | Killed a seven-headed hydra
 13420 | Lair:3   | Received a gift from Okawaru
 13421 | Lair:3   | Found the +0 pair of fencer's gloves {Riposte Dex+3}
 14059 | Lair:4   | Noticed a seven-headed hydra
 14071 | Lair:4   | Killed a seven-headed hydra
 14071 | Lair:4   | Reached skill level 10 in Fighting
 14162 | Lair:4   | Found a dark tunnel.
 14169 | Lair:4   | Reached skill level 8 in Invocations
 14194 | Lair:4   | Noticed a four-headed hydra
 14196 | Volcano  | Entered a volcano
 14264 | Volcano  | Noticed a two-headed ogre
 14268 | Volcano  | Killed a two-headed ogre
 14268 | Volcano  | Reached skill level 6 in Transmutations
 14268 | Volcano  | Reached XP level 13. HP: 98/113 MP: 16/19
 14684 | Lair:4   | Received a gift from Okawaru
 15350 | Lair:5   | Reached skill level 9 in Dodging
 15402 | Lair:5   | Found a staircase to the Slime Pits.
 15843 | Lair:5   | Reached skill level 9 in Invocations
 15850 | Lair:5   | Reached skill level 7 in Transmutations
 16636 | Lair:5   | Learned a level 2 spell: Swiftness
 16672 | Lair:6   | Entered Level 6 of the Lair of Beasts
 16672 | Lair:6   | Found a gate leading to a gauntlet.
 16677 | Gauntlet | Entered a Gauntlet
 16677 | Gauntlet | Found a transporter.
 16677 | Gauntlet | Found a transporter.
 16696 | Gauntlet | Found a transporter.
 16698 | Gauntlet | Found a transporter.
 16716 | Gauntlet | Found a transporter.
 16718 | Gauntlet | Found a transporter.
 16731 | Gauntlet | Found a transporter.
 16751 | Gauntlet | Found a transporter.
 16754 | Gauntlet | Noticed a death ooze
 16768 | Gauntlet | Found a transporter.
 16772 | Gauntlet | Found a transporter.
 16789 | Gauntlet | Found a transporter.
 16791 | Gauntlet | Found a transporter.
 17304 | Gauntlet | Killed a death ooze
 17310 | Gauntlet | Reached skill level 8 in Transmutations
 17328 | Gauntlet | Got a pair of ancient boots
 17334 | Gauntlet | Identified the +2 pair of boots of Rotation {-Tele rPois
                  | rF+ rN+} (You found it in a Gauntlet)
 17400 | Gauntlet | Noticed a minotaur
 17414 | Gauntlet | Killed a minotaur
 17414 | Gauntlet | Received a gift from Okawaru
 17576 | Lair:6   | Reached skill level 10 in Dodging
 17579 | Lair:6   | Found a runed translucent gate.
 17579 | Lair:6   | Found a runed translucent gate.
 17579 | Lair:6   | Found a runed translucent gate.
 17729 | Lair:6   | Reached skill level 9 in Transmutations
 17758 | Lair:6   | Noticed MisterT's ghost (journeyman HOFi)
 17971 | Lair:6   | Reached skill level 10 in Transmutations
 18065 | Lair:6   | Noticed Snorg
 18074 | Lair:6   | Killed Snorg
 18315 | Lair:6   | Reached XP level 14. HP: 97/121 MP: 12/20
 18333 | Lair:6   | Received a gift from Okawaru
 18333 | Lair:6   | Reached skill level 11 in Transmutations
 18974 | Lair:6   | Reached skill level 12 in Transmutations
 19375 | Orc:1    | Entered Level 1 of the Orcish Mines
 19571 | Orc:1    | Found a roughly hewn altar of Beogh.
 19690 | Orc:2    | Entered Level 2 of the Orcish Mines
 19690 | Orc:2    | Found a staircase to the Elven Halls.
 20580 | Orc:2    | Reached skill level 13 in Transmutations
 20581 | Orc:2    | Found Ediom's Antique Weapon Shoppe.
 20590 | Orc:2    | Received a gift from Okawaru
 20709 | Orc:2    | Found Jaulinn's Antique Weapon Shop.
 20742 | Orc:2    | Found Limotoit's Antique Weapon Shop.
 20744 | Orc:2    | Found Vidwezig's Armour Shoppe.
 20978 | Orc:1    | Identified a +1 robe of the Archmagi
 21131 | Orc:1    | Found a roughly hewn altar of Beogh.
 21742 | D:12     | Reached skill level 14 in Transmutations
 22062 | D:12     | Received a gift from Okawaru
 22065 | D:12     | Got a pair of smoking gloves {god gift}
 22078 | D:12     | Identified the +2 pair of gloves of Hospitality {Int+3
                  | SInv} (Okawaru gifted it to you on level 12 of the Dungeon)
 22405 | D:12     | Learned a level 6 spell: Hydra Form
 22469 | D:13     | Found a basalt altar of Yredelemnul.
 22506 | D:13     | Found a frozen archway.
 22750 | IceCv    | Entered an ice cave
 23088 | IceCv    | Reached XP level 15. HP: 98/126 MP: 21/21
 23598 | D:13     | Reached skill level 15 in Transmutations
 24124 | D:13     | Reached skill level 4 in Spellcasting
 24492 | D:13     | Reached skill level 5 in Spellcasting
 24496 | D:13     | Found a gate to the Vaults.
 24585 | D:14     | Noticed Jorgrun
 24595 | D:14     | Killed Jorgrun
 24600 | D:14     | Received a gift from Okawaru
 24846 | D:14     | Noticed Nessos
 24863 | D:14     | Killed Nessos
 25523 | D:14     | Reached skill level 6 in Spellcasting
 25923 | D:14     | Found a burning altar of Makhleb.
 26065 | D:14     | Found a portal to a secret trove of treasure.
 26315 | D:4      | Bought the +5 gold dragon scales of the Onion {rPois rF+
                  | rC+ Int+2 Dex+6 Slay-5} for 1055 gold pieces
 26577 | D:14     | You paid a toll of the gold dragon scales of the Onion to
                  | enter a treasure trove
 26578 | Trove    | Entered a treasure trove
 26591 | Trove    | Got a heavily runed silver ring
 26595 | Trove    | Got a bound golden ring
 26617 | Trove    | Got a steaming triple sword
 26618 | Trove    | Identified the +4 triple sword of Jueg {vamp, -Tele rElec
                  | rF+ Stlth+} (You found it in a treasure trove)
 26645 | D:14     | Identified the ring of Sausun {MP+9 Str+6} (You found it in
                  | a treasure trove)
 26647 | D:14     | Identified the ring of Vopla {rElec rPois Str+4} (You found
                  | it in a treasure trove)
 26843 | D:8      | Bought a book of Frost for 385 gold pieces
 26847 | D:8      | Learned a level 3 spell: Ozocubu's Armour
 26853 | D:8      | Learned a level 5 spell: Irradiate
 27002 | D:10     | Killed TrebMcFLY's ghost
 27060 | D:11     | Killed Otocvaij's ghost
 27174 | D:15     | Entered Level 15 of the Dungeon
 27186 | D:15     | Reached skill level 16 in Transmutations
 27244 | D:15     | Reached skill level 7 in Spellcasting
 27516 | D:15     | Found Osuus's Food Shop.
 27629 | D:15     | Received a gift from Okawaru
 27658 | D:15     | Got a polished bardiche {god gift}
 27659 | D:15     | Identified the +3 bardiche of Rotation {protect, Str-3
                  | Int+4 Stlth+} (Okawaru gifted it to you on level 15 of the
                  | Dungeon)
 28238 | D:15     | Found a staircase to the Depths.
 28243 | D:15     | Noticed Rupert
 28277 | D:15     | Killed Rupert
 28277 | D:15     | Received a gift from Okawaru
 28277 | D:15     | Reached skill level 8 in Spellcasting
 28435 | D:15     | Reached XP level 16. HP: 134/134 MP: 28/28
 28461 | D:15     | Gained mutation: Your muscles are strong. (Str +2) [a
                  | neqoxec]
 28875 | Lair:6   | Killed MisterT's ghost
 29147 | Snake:1  | Entered Level 1 of the Snake Pit
 29184 | Snake:1  | HP: 7/174 [shock serpent (11)]
 29184 | Snake:1  | Killed from afar by a shock serpent

Vanquished Creatures
  Rupert (D:15)
  Jorgrun (D:14)
  Nessos (D:14)
  A minotaur (Gauntlet)
  The ghost of MisterT the Severer, a journeyman HOFi of Beogh (Lair:6)
  Snorg (Lair:6)
  A death ooze (Gauntlet)
  Josephine (D:11)
  The ghost of Otocvaij the Slicer, a journeyman KoHu of Ru (D:11)
  5 vault guards (D:13)
  Fannar (D:11)
  8 hydras
  A naga warrior (Snake:1)
  2 centaur warriors (D:14)
  The ghost of TrebMcFLY the Cleaver, a novice DDFi of Makhleb (D:10)
  6 two-headed ogres
  5 death yaks (Lair:6)
  2 tengu warriors
  A fire crab (Lair:6)
  4 orc high priests
  A flayed ghost (D:15)
  5 skeletal warriors (D:13)
  A sea snake (Snake:1)
  2 wizards
  An unseen horror (D:15)
  2 lindwurms
  Pikel (D:6)
  A wolf spider zombie (D:13)
  A wolf spider (Lair:6)
  A necromancer (D:15)
  4 orc knights (Orc:2)
  24 ugly things
  4 orc sorcerers (Orc:2)
  An oklob plant (Lair:6)
  A deep elf mage (D:14)
  A fire giant zombie (D:15)
  7 elephants
  A manticore (D:11)
  A black mamba (shapeshifter) (D:15)
  3 cyclopes
  11 black mambas
  Joseph (D:7)
  A torpor snail (Lair:2)
  2 guardian serpents
  4 ice statues
  4 gargoyles
  A yaktaur zombie (D:15)
  4 kobold demonologists (D:15)
  14 spiny frogs
  5 rime drakes
  A minotaur zombie (Gauntlet)
  2 efreet (D:13)
  3 komodo dragons
  2 guardian mummies (D:15)
  4 trolls
  Grinder (D:6)
  A polar bear (Lair:6)
  4 hornets
  8 slime creatures
  7 hippogriffs
  A blink frog (Lair:6)
  A meliai zombie (D:15)
  A spriggan (D:8)
  2 shadows (D:11)
  3 redbacks (Lair:6)
  13 wyverns
  51 yaks
  A vampire (D:15)
  7 wraiths
  4 fire bats
  6 humans (D:13)
  2 steam dragons
  A neqoxec (Gauntlet)
  3 basilisks
  2 chaos spawn (Gauntlet)
  A hungry ghost (D:12)
  2 vampire mosquitoes (D:14)
  A warg (Orc:2)
  Edmund (D:5)
  5 nagas
  2 tengu zombies (D:15)
  25 water moccasins
  An acid dragon (D:13)
  3 hell hounds (Volcano)
  6 porcupines
  24 orc warriors
  2 hornet zombies
  4 slaves (D:6)
  2 black bears
  3 eyes of draining
  4 sky beasts
  3 phantoms
  3 necrophages
  9 ice beasts
  4 wolves (Lair:5)
  10 ogres
  23 centaurs
  12 crocodiles
  4 big kobolds
  18 bullfrogs
  A wyvern skeleton (D:5)
  8 scorpions
  6 killer bees (D:7)
  An electric eel (Lair:2)
  20 wights
  3 centaur zombies
  9 crimson imps
  A quasit (D:12)
  6 hounds
  8 jellies
  A bullfrog zombie (D:12)
  2 gnoll shamans
  27 orc priests
  37 orc wizards
  2 centaur skeletons
  4 iguanas
  Jessica (D:2)
  A bullfrog skeleton (D:11)
  Natasha (thrice) (D:2)
  13 worker ants
  A hound skeleton (D:5)
  Robin (D:4)
  8 gnolls (D:6)
  11 adders
  3 shadow imps
  4 oozes
  2 adder skeletons
  3 worms
  3 dart slugs
  3 leopard geckos
  88 orcs
  7 giant cockroaches
  13 goblins
  5 hobgoblins
  7 jackals (D:4)
  4 quokkas
  5 bats
  5 frilled lizards
  A jackal skeleton (D:6)
  22 kobolds
  A leopard gecko skeleton (D:4)
  A quokka skeleton (D:4)
  4 rats
  A plant (Lair:6)
815 creatures vanquished.

Vanquished Creatures (others)
  A human (D:13)
  2 centaurs (Volcano)
  5 fungi (Lair:6)
  9 plants
  13 withered plants (D:15)
30 creatures vanquished.

Grand Total: 845 creatures vanquished
